 Dungeon Crawl Stone Soup version 0.28-a0-915-gcd63401287 (webtiles) character file.

Game seed: 13696520218027902634

48 mcbry74 the Vexing (level 3, -7/28 HPs)
             Began as a Gnoll Arcane Marksman on Nov 25, 2021.
             Killed from afar by Ijyb (26 damage)
             ... with a bolt of acid
             ... on level 3 of the Dungeon.
             The game lasted 00:14:15 (3260 turns).

mcbry74 the Vexing (Gnoll Arcane Marksman)          Turns: 3260, Time: 00:14:16

Health: -7/28      AC:  4    Str: 10    XL:     3   Next: 72%
Magic:  7/7        EV: 12    Int: 12    God:
Gold:   65         SH:  0    Dex: 12    Spells: 6/7 levels left

rFire   . . .      SeeInvis .   b - +0 falchion
rCold   . . .      Faith    .   (no shield)
rNeg    . . .      Spirit   .   k - +0 leather armour
rPois   .          Reflect  .   (no helmet)
rElec   .          Harm     .   h - scarf {shadows}
rCorr   .          Rampage  .   (no gloves)
Will    .....                   m - +0 pair of boots
Stlth   +.........              (no amulet)
HPRegen 0.09/turn               (no ring)
MPRegen 0.10/turn               (no ring)

@: no status effects
A: fangs 1, strong nose, distributed training
a: no special abilities


You were on level 3 of the Dungeon.
You visited 1 branch of the dungeon, and saw 3 of its levels.

You collected 65 gold pieces.

Inventory:

Hand Weapons
 a - a +0 shortbow
 b - a +0 falchion (weapon)
 c - a +0 hunting sling
 j - a +0 hand axe
 l - a +0 dagger
 s - a +0 trident
Missiles
 f - 93 stones (quivered)
 g - 19 arrows
 o - 6 datura-tipped darts
 p - 3 curare-tipped darts
 r - 6 bolts
 t - 15 poisoned darts
Armour
 d - a +0 robe
 h - a scarf of shadows (worn)
 k - a +0 leather armour (worn)
 m - a +0 pair of boots (worn)
 n - a +0 ring mail
 q - a +0 chain mail
Magical Staves
 e - a staff of poison
Wands
 u - a wand of paralysis (8)
Potions
 i - a potion of degeneration {unknown}
 v - a potion of flight {unknown}
 w - a potion of curing {unknown}


   Skills:
 + Level 2.6 Fighting
 + Level 0.9 Short Blades
 + Level 0.9 Long Blades
 + Level 0.9 Axes
 + Level 0.9 Maces & Flails
 + Level 0.9 Polearms
 + Level 0.9 Staves
 + Level 0.9 Slings
 + Level 4.5 Bows
 + Level 0.9 Crossbows
 + Level 0.9 Throwing
 + Level 0.9 Armour
 + Level 4.5 Dodging
 + Level 0.9 Stealth
 + Level 0.9 Shields
 + Level 0.9 Unarmed Combat
 + Level 2.8 Spellcasting
 + Level 0.6 Conjurations
 + Level 5.4 Hexes
 + Level 0.6 Summonings
 + Level 0.6 Necromancy
 + Level 0.6 Translocations
 + Level 0.6 Transmutations
 + Level 0.6 Fire Magic
 + Level 0.6 Ice Magic
 + Level 0.6 Air Magic
 + Level 0.6 Earth Magic
 + Level 0.6 Poison Magic
 + Level 1.0 Invocations
 + Level 0.9 Evocations


You had 6 spell levels left.
You knew the following spells:

 Your Spells              Type           Power      Damage    Failure   Level
a - Slow                  Hex            56%        N/A       3%          1

Your spell library contained the following spells:

 Spells                   Type           Power      Damage    Failure   Level
 Confusing Touch          Hex            14%        N/A       11%         3
 Inner Flame              Hex/Fire       9%         N/A       28%         3
 Portal Projectile        Hex/Tloc       18%        N/A       28%         3
 Blink                    Tloc           6%         N/A       36%         2
 Cause Fear               Hex            7%         N/A       36%         4
 Gell's Gravitas          Tloc           3%         N/A       61%         3
 Lesser Beckoning         Tloc           3%         N/A       61%         3
 Teleport Other           Tloc           3%         N/A       61%         3
 Yara's Violent Unravell  Hex/Tmut       4%         3d4       95%         5
 Manifold Assault         Tloc           3%         N/A       100%        5


Dungeon Overview and Level Annotations

Branches:
Dungeon (3/15)

Altars:
Makhleb

Annotations:
D:3 Ijyb


Innate Abilities, Weirdness & Mutations

You have very sharp teeth.
Your uncanny sense of smell can sniff out nearby items.
Your experience applies equally to all skills.


Message History

Ijyb zaps a wand.
The bolt of acid misses you.
Hit: b) +0 falchion
Press: ? - help, Dir - move target, f - you
Okay, then.
Aiming: Paralyse
Press: ? - help, Shift-Dir - straight line, f - Ijyb
Aim: Ijyb, wielding a +0 dagger, wearing a +2 leather armour of willpower and carrying a wand of acid (8) (chance to affect: 23%) Ijyb suddenly stops moving!
An orc comes into view. It is wielding a +0 club.
The orc shouts!
The helpless Ijyb fails to defend herself.
You hit Ijyb but do no damage. The orc hits you with a +0 club.
The helpless Ijyb fails to defend herself.
You hit Ijyb but do no damage. The orc completely misses you.
The orc hits you with a +0 club.
The helpless Ijyb fails to defend herself.
You hit Ijyb. You bite Ijyb, but do no damage.
Ijyb is lightly wounded.
The orc hits you with a +0 club.
The helpless Ijyb fails to defend herself.
You hit Ijyb but do no damage. You bite Ijyb, but do no damage.
Ijyb is lightly wounded.
The orc barely misses you.
The helpless Ijyb fails to defend herself.
You hit Ijyb but do no damage. You bite Ijyb, but do no damage.
Ijyb is lightly wounded.
The orc barely misses you.
The helpless Ijyb fails to defend herself.
You hit Ijyb.
Ijyb is lightly wounded.
Ijyb is no longer paralysed.
The orc misses you. Ijyb closely misses you. The orc closely misses you.
Ijyb closely misses you.
You hit Ijyb but do no damage. Your bite misses Ijyb.
Ijyb is lightly wounded.
Ijyb hits you but does no damage. The orc closely misses you.
You barely miss Ijyb.
Ijyb is lightly wounded.
The orc closely misses you.
Ijyb zaps a wand.
The bolt of acid hits you!!
Ouch! That really hurt!
You die...

######+###......
#...........#####
#...........#.....#..
###...........#$..$.#..
...............+.$_$.#..
###............#.....#..
.#............#.$...#..
..............#######..
..#....@................
P.....go.....!##........
.#.....................
#.....................
#.#########...........
... #.##+#...... ## #.#
#...... #...... #......


You could see Ijyb and an orc.

Vanquished Creatures
  An adder (D:2)
  A worm (D:2)
  2 dart slugs
  2 ball pythons
  3 endoplasms (D:2)
  5 goblins
  2 quokkas
  3 bats
  3 frilled lizards
  6 kobolds
  3 rats (D:1)
31 creatures vanquished.

Notes
Turn   | Place    | Note
-------+----------+-------------------------------------------
     0 | D:1      | mcbry74 the Gnoll Arcane Marksman began the quest for the
                  | Orb.
     0 | D:1      | Reached XP level 1. HP: 17/17 MP: 4/4
     3 | D:1      | Noticed an electric eel
     4 | D:1      | Noticed an electric eel
   295 | D:1      | Reached XP level 2. HP: 23/23 MP: 5/5
  1900 | D:2      | Reached XP level 3. HP: 28/28 MP: 7/7
  2464 | D:2      | Reached skill level 1 in Invocations
  2470 | D:2      | HP: 1/28 [poisoned by an adder]
  3215 | D:3      | Found a burning altar of Makhleb.
  3244 | D:3      | Noticed Ijyb
  3260 | D:3      | Killed from afar by Ijyb

Illustrated notes

Levels and vault maps discovered:
D:1:      arrival_aquarium_b, layout_loops_corners
D:2:      layout_basic, serial_rivers, chequers_serial_rivers_micro_d,
          chequers_serial_rivers_small_a, chequers_serial_rivers_small_a,
          chequers_serial_rivers_micro_a, chequers_serial_rivers_micro_a,
          chequers_serial_rivers_room_a
D:3:      cheibrodos_old_hovel, layout_basic, amcnicky_altar_gilded,
          shapermc_ecumenical_altar_flowoftime, uniq_grinder, uniq_ijyb

Skill      XL: |  1  2  3 |
---------------+----------+-----
Invocations    | 1 |  1.0
Fighting       | |  2.6
Short Blades   | |  0.9
Long Blades    | |  0.9
Axes           | |  0.9
Maces & Flails | |  0.9
Polearms       | |  0.9
Staves         | |  0.9
Slings         | |  0.9
Bows           | |  4.5
Crossbows      | |  0.9
Throwing       | |  0.9
Armour         | |  0.9
Dodging        | |  4.5
Stealth        | |  0.9
Shields        | |  0.9
Unarmed Combat | |  0.9
Spellcasting   | |  2.8
Conjurations   | |  0.6
Hexes          | |  5.4
Summonings     | |  0.6
Necromancy     | |  0.6
Translocations | |  0.6
Transmutations | |  0.6
Fire Magic     | |  0.6
Ice Magic      | |  0.6
Air Magic      | |  0.6
Earth Magic    | |  0.6
Poison Magic   | |  0.6
Evocations     | |  0.9

Action                   || total
-------------------------++-------
Melee: Dagger            ||    70
       Bite              ||     9
       Falchion          ||    37
 Fire: Shortbow          ||    18
       Hunting sling     ||    37
Evoke: Wand              ||     1
  Use: Scroll            ||     1
 Stab: Sleeping          ||     1
       Paralysed         ||     6
Armor: Robe              ||    17
       Leather armour    ||     5
Dodge: Dodged            ||    98

Table legend: (Time is in decaauts)
 A = Elapsed time spent in this place.
 B = Non-inter-level travel time spent in this place.
 C = Inter-level travel time spent in this place.
 D = Time resting spent in this place.
 E = Time spent auto-exploring this place.
 F = Levels seen in this place.
 G = Mean time per level.
                   A        B        C        D        E       F      G
               +--------+--------+--------+--------+--------+-----+--------+
         Total |   3271 |   3046 |    225 |    704 |   1486 |   3 | 1090.3 |
       Dungeon |   3271 |   3046 |    225 |    704 |   1486 |   3 | 1090.3 |
               +--------+--------+--------+--------+--------+-----+--------+

Top non-repeatable levels by time:
     D:1: 1668 daAuts
     D:2: 1479 daAuts
     D:3: 124 daAuts
